 Dungeon Crawl Stone Soup version 0.29-a0-824-gd827844252 (webtiles) character file.

Game seed: 13308751005591289457

59 Demosthentine the Poker (level 4, -4/55 HPs)
             Began as a Merfolk Gladiator on July 11, 2022.
             Slain by Crazy Yiuf
             ... wielding a +4 quarterstaff of chaos
              (7 damage)
             ... on level 2 of the Dungeon.
             The game lasted 00:02:21 (3138 turns).

Demosthentine the Poker (Merfolk Gladiator)         Turns: 3138, Time: 00:02:23

Health: -4/55      AC: 22    Str: 16    XL:     4   Next: 3%
Magic:  4/4        EV:  2    Int:  7    God:
Gold:   100        SH:  0    Dex: 15    Spells: 3/3 levels left

rFire   . . .      SeeInvis .   a - +0 trident
rCold   . . .      Faith    .   (no shield)
rNeg    . . .      Spirit   .   (body armour currently unavailable)
rPois   +          Reflect  .   (helmet currently unavailable)
rElec   .          Harm     .   (cloak currently unavailable)
rCorr   +          Rampage  .   (gloves currently unavailable)
Will    .....      NoTele   +   (boots currently unavailable)
Stlth   +.........              (no amulet)
HPRegen 0.18/turn               g - ring of resist corrosion
MPRegen 0.09/turn               l - +4 ring of evasion

@: lethally poisoned (-4 -> -16), tree-form
A: stationary, stasis, torment immunity, boosted hp, (nimble swimmer 2),
(mertail), robust 1
a: no special abilities


You were on level 2 of the Dungeon.
You were a tree.
You visited 1 branch of the dungeon, and saw 2 of its levels.

You collected 100 gold pieces.

Inventory:

Hand Weapons
 a - a +0 trident (weapon)
Missiles
 e - a javelin (quivered)
Armour
 c - a +0 helmet (melded)
 n - the +3 leather armour of Resourcefulness (melded) {SInv}
   (You found it on level 2 of the Dungeon)

   SInv:      It lets you see invisible.
Jewellery
 g - a ring of resist corrosion (left branch)
 l - a +4 ring of evasion (right branch)
Scrolls
 f - a scroll of magic mapping
 k - a scroll of identify {unknown}
Potions
 m - a potion of flight {unknown}


   Skills:
 + Level 2.9 Fighting
 + Level 4.7 Polearms
 - Level 2.0 Throwing
 + Level 1.1 Armour
 + Level 4.6 Dodging


You had 3 spell levels left.
You didn't know any spells.
Your spell library contained the following spells:

 Spells                   Type           Power      Damage    Failure   Level
 Freeze                   Ice            0%         1d3       43%         1
 Frozen Ramparts          Ice            0%         1d2       80%         3
 Hailstorm                Conj/Ice       0%         3d3       99%         4


Dungeon Overview and Level Annotations

Branches:
Dungeon (2/15)

Altars:

Annotations:
D:2 Crazy Yiuf


Innate Abilities, Weirdness & Mutations

You are a tree.
Your roots penetrate the ground, keeping you stationary.
You cannot be teleported.
You are immune to unholy pain and torment.
Your maximum health is greatly increased.
Your equipment is partially melded.
((You are very nimble when in or above water. (Stealth+, EV+, Speed+++)))
((Your lower body shifts to a powerful aquatic tail in water.))
You are robust. (+10% HP)


Message History

Crazy Yiuf is moderately wounded.
Crazy Yiuf struggles against the net.
You hit Crazy Yiuf.
Crazy Yiuf is moderately wounded.
Crazy Yiuf struggles against the net.
The net rips apart, and Crazy Yiuf comes free!
You closely miss Crazy Yiuf.
Crazy Yiuf is moderately wounded.
Crazy Yiuf hits you with a +4 quarterstaff of chaos!
You are poisoned.
Throw: 2 throwing nets
Press: ? - help, Q - select action, (/) - cycle Shift-Dir - straight line, f/p - Crazy Yiuf
Aim: Crazy Yiuf, wielding a +4 quarterstaff of chaos and wearing a +1 cloak (moderately wounded, 64% to hit)
You throw a throwing net.
The throwing net closely misses Crazy Yiuf.
You feel very sick.
Crazy Yiuf hits you with a +4 quarterstaff of chaos!
You are lethally poisoned!
Throw: throwing net
Press: ? - help, Q - select action, (/) - cycle Shift-Dir - straight line, f/p - Crazy Yiuf
Aim: Crazy Yiuf, wielding a +4 quarterstaff of chaos and wearing a +1 cloak (moderately wounded, 64% to hit)
You throw a throwing net.
The throwing net closely misses Crazy Yiuf.
* * * LOW HITPOINT WARNING * * *
You feel very sick.
Crazy Yiuf cries, "Lugonu ladder pizzabubble!"
Crazy Yiuf barely misses you.
It was a potion of mutation.
You feel extremely strange.
You feel robust.
* * * LOW HITPOINT WARNING * * *
You feel very sick. Crazy Yiuf hits you but does no damage.
It was a potion of lignification.
You turn into a tree.
Your +0 helmet melds into your body.
The +3 leather armour of Resourcefulness {SInv} melds into your body.
Your roots penetrate the ground.
* * * LOW HITPOINT WARNING * * *
You feel very sick.
Crazy Yiuf hits you with a +4 quarterstaff of chaos!
You die...

..#.........##.##............#.#.
..............................>#.
............####..........)......
.........#### ##########....####
.........# #..#.#... .........#
♣♣♣♣♣##.......# ###.##.### ###
♣♣♣.♣...#........ ###.##.###
#...#♣..♣......###.##. .....#...#
#(..g♣♣♣♣♣............ ##.....###
#)..#♣♣ ♣♣..#.####.#. .........#
### ♣♣##'##..... .#.###.###
#.......# .#.....# #........
..####.#### #########........
#.## #.##.# #...............#
#..# #.##.# #........#'###..#
##.# #.##.# #........#.# #..#


You could see Crazy Yiuf.

Vanquished Creatures
  3 gnolls
  A dart slug (D:1)
  2 ball pythons
  2 endoplasms (D:1)
  2 hobgoblins
  A kobold (D:1)
  2 quokkas (D:2)
  6 bats
  4 goblins
  2 rats (D:2)
25 creatures vanquished.

Notes
Turn   | Place    | Note
-------+----------+-------------------------------------------
     0 | D:1      | Demosthentine the Merfolk Gladiator began the quest for the
                  | Orb.
     0 | D:1      | Reached XP level 1. HP: 16/16 MP: 1/1
   528 | D:1      | Reached XP level 2. HP: 6/23 MP: 2/2
  1419 | D:2      | HP: 1/23 [gnoll/+0 spear (2)]
  1779 | D:1      | Reached XP level 3. HP: 8/28 MP: 3/3
  2323 | D:2      | Reached skill level 1 in Armour
  2582 | D:2      | Reached XP level 4. HP: 34/34 MP: 4/4
  2750 | D:2      | Identified the +3 leather armour of Resourcefulness {SInv}
  2854 | D:2      | Found a runed translucent door.
  2855 | D:2      | Noticed Crazy Yiuf
  3137 | D:2      | Gained mutation: You are robust. (+10% HP) [potion of
                  | mutation]
  3138 | D:2      | Slain by Crazy Yiuf

Illustrated notes

Levels and vault maps discovered:
D:1:      minmay_arrival_checkered_box, layout_basic
D:2:      layout_basic, uniq_crazy_yiuf_cottage

Skill      XL: |  1  2  3 |
---------------+----------+-----
Armour         | 1 |  1.1
Fighting       | |  2.9
Polearms       | |  4.7
Throwing       | |  2.0
Dodging        | |  4.6

Action                   |  1- 3 |  4- 6 || total
-------------------------+-------+-------++-------
Melee: Trident           |   116 |    12 ||   128
       Punch             |     2 |       ||     2
Throw: Throwing net      |       |     3 ||     3
  Use: Scroll            |     3 |       ||     3
       Potion            |     1 |     2 ||     3
 Stab: Held in net/web   |       |     1 ||     1
Armor: Leather armour    |    33 |     3 ||    36
Dodge: Dodged            |   110 |     3 ||   113

Table legend: (Time is in decaauts)
 A = Elapsed time spent in this place.
 B = Non-inter-level travel time spent in this place.
 C = Inter-level travel time spent in this place.
 D = Time resting spent in this place.
 E = Time spent auto-exploring this place.
 F = Levels seen in this place.
 G = Mean time per level.
                   A        B        C        D        E       F      G
               +--------+--------+--------+--------+--------+-----+--------+
         Total |   3151 |   3111 |     40 |    707 |   2056 |   2 | 1575.5 |
       Dungeon |   3151 |   3111 |     40 |    707 |   2056 |   2 | 1575.5 |
               +--------+--------+--------+--------+--------+-----+--------+

Top non-repeatable levels by time:
     D:1: 2195 daAuts
     D:2: 956 daAuts
